 Dungeon Crawl Stone Soup version 0.20-a0-1122-gb7cbeb9 (webtiles) character file.

49 salapander the Skirmisher (level 3, 0/20 HPs)
             Began as a Vine Stalker Fighter on May 13, 2017.
             Slain by a worm (4 damage)
             ... on level 1 of the Dungeon.
             The game lasted 00:03:30 (981 turns).

salapander the Skirmisher (Vine Stalker Fighter)     Turns: 981, Time: 00:03:30

Health: 0/20       AC:  6    Str: 18    XL:     3   Next: 75%
Magic:  0/4        EV:  7    Int:  8    God:
Gold:   44         SH:  9    Dex: 14    Spells: 2/2 levels left

rFire    . . .     SeeInvis .   a - +0 long sword
rCold    . . .     Gourm    .   c - +0 shield
rNeg     . . .     Faith    .   b - +0 scale mail
rPois    .         Spirit   +   (no helmet)
rElec    .         Reflect  .   (no cloak)
rCorr    .         Harm     .   (no gloves)
MR       .....                  (no boots)
Stlth    ..........             (no amulet)
Regen    0.1/turn               (no ring)
MPRegen  0.1/turn               (no ring)

@: no status effects
A: fangs 2, magic shield, antimagic bite, no potion heal 3, rot immunity
a: no special abilities


You were on level 1 of the Dungeon.
You were not hungry.

You visited 1 branch of the dungeon, and saw 1 of its levels.

You collected 44 gold pieces.

Inventory:

Hand Weapons
 a - a +0 long sword (weapon)
Armour
 b - a +0 scale mail (worn)
 c - a +0 shield (worn)
Scrolls
 e - a scroll of identify {unknown}
 j - a scroll of remove curse {unknown}
 k - a scroll of magic mapping {unknown}
Potions
 d - a potion of might
 i - a potion of flight {unknown}
Comestibles
 f - a bread ration
 h - 2 royal jellies


   Skills:
 + Level 3.6 Fighting
 + Level 2.6 Long Blades
 - Level 2.4 Armour
 - Level 2.6 Shields


You had 2 spell levels left.
You didn't know any spells.

Dungeon Overview and Level Annotations

Branches:
Dungeon (1/15)

Altars:


Innate Abilities, Weirdness & Mutations

You have extremely sharp teeth.
When hurt, damage is shared between your health and your magic reserves.
Your bite disrupts and absorbs the magic of your enemies.
Potions cannot restore your health.
You are immune to rotting.


Message History

You kill the rat!
You hit the rat.
You kill the rat!
You hit the ooze.
The ooze is moderately wounded.
The ooze hits you but does no damage.
You completely miss the ooze.
The ooze is moderately wounded.
The ooze hits you but does no damage. The ooze hits you.
* * * LOW HITPOINT WARNING * * *
Your scale mail prevents you from hitting the ooze.
You bite the ooze. You drain its power.
You feel invigorated.
The ooze is severely wounded.
The ooze hits you but does no damage.
You slash the ooze!
You kill the ooze!
You slash the worm! You bite the worm. You drain its power.
The worm is heavily wounded.
The worm bites you!
You die...

..........##.#.##..#.##.........#
####'###...#.........###...#.....
>...⌠..#...#.#.##................
<.....h#..................##....#
##..r.⌠r...r.....................
.......#..#r##.##..#.###.###....#
h#######..#..#.##..#.# #........#
r..r #..##.#.##..#.# #.##......
.wr... #.......w@....# #.##.....#
h......#..##.#.##..#.###.........
########..##....#..###....#......
.............#.....#...#.##.....#
...........#...#.................
########..###....................
#......................... ######
#.###..>.#..#####...>.....
.....###.###....#..# #.##.#....


You could see a worm.

Vanquished Creatures
  5 oozes (D:1)
  2 dart slugs (D:1)
  2 giant cockroaches (D:1)
  3 hobgoblins (D:1)
  3 jackals (D:1)
  2 goblins (D:1)
  A kobold (D:1)
  7 rats (D:1)
25 creatures vanquished.

Notes
Turn   | Place    | Note
-------+----------+-------------------------------------------
     0 | D:1      | salapander the Vine Stalker Fighter began the quest for the Orb.
     0 | D:1      | Reached XP level 1. HP: 11/11 MP: 2/2
     1 | D:1      | Found a runed door.
   612 | D:1      | Reached skill level 3 in Fighting
   612 | D:1      | Reached XP level 2. HP: 16/16 MP: 3/3
   929 | D:1      | Reached XP level 3. HP: 16/20 MP: 4/4
   981 | D:1      | Slain by a worm

Vault maps used:
D:1:      dpeg_arrival_caged_fury, moated_statue, kennysheep_doodads, hex_tiny,
          dk_noncrumbling_2, serial_bayou_lagoon_b

Skill      XL: |  1 |
---------------+----+-----
Long Blades    | 2 |  2.6
Fighting       | 3 |  3.6
Armour         | |  2.4
Shields        | |  2.6

Action                   || total
-------------------------++-------
Melee: Long sword        ||    62
       Bite              ||    18
Armor: Scale mail        ||    32
Dodge: Dodged            ||    16
Block: Shield            ||    32
       Rpst.: Long sword ||     3
